[Event "*** Titled Tuesday Blitz"]
[Site "Chess.com"]
[Date "2019.11.05"]
[Round "2"]
[White "joppie2"]
[Black "IMRosen"]
[Result "1-0"]
[WhiteElo "2892"]
[BlackElo "2604"]
[TimeControl "180+2"]
[EndTime "13:22:44 PST"]
[Termination "joppie2 won by resignation"]

1. e4 c5 2. Nf3 Nc6 3. d4 cxd4 4. Nxd4 g6 5. Nc3 Bg7 6. Be3 Nf6 7. Bc4 O-O 8. Bb3 Re8 9. h4 h5 10. f3 e6 11. Qe2 d5 12. O-O-O Qa5 13. Kb1 Nxd4 14. Rxd4 Bd7 15. e5 Nh7 16. f4 f5 17. Rd3 Rec8 18.
Nxd5 Qd8 19. Rhd1 Nf8 20. Nf6+ Bxf6 21. exf6 Rc7 22. Bd4 Kf7 23. Be5 Rac8 24. Qd2 Qe8 25. a3 b6 26. Rd6 Bc6 27. Qb4 Rd7 28. g3 Rcd8 29. Ka2 Rxd6 30. Rxd6 Rxd6 31. Qxd6 Qd7 32.
Qb8 Nh7 33. Qh8 Nxf6 34. Qxf6+ Ke8 35. Qxe6+ Kd8 36. Qxd7+ Bxd7 37. Bf7 Bc6 1-0

[Event "*** Titled Tuesday Blitz"]
[Site "Chess.com"]
[Date "2019.11.05"]
[Round "2"]
[White "riconaipe"]
[Black "Recombinant"]
[Result "1-0"]
[WhiteElo "2609"]
[BlackElo "2336"]
[TimeControl "180+2"]
[EndTime "13:22:47 PST"]
[Termination "riconaipe won by resignation"]

1. d4 Nf6 2. c4 e6 3. Nc3 Bb4 4. Nf3 O-O 5. Bg5 b6 6. e3 Bb7 7.
Nd2 d6 8. f3 Nbd7 9. Bd3 h6 10.
Bh4 Bxc3 11. bxc3 e5 12. O-O c5 13. Qc2 Qc7 14. Rae1 Rac8 15. d5 b5 16. Bf5 Rb8 17.
cxb5 Nxd5 18. e4 N5f6 19. c4 a6 20. a4 axb5 21. axb5 Ra8 22. Ra1 Rxa1 23. Rxa1 Ra8 24. Rxa8+ Bxa8 25. Qa4 Nb6 26. Qa5 g5 27. Bf2 Bb7 28.
h4 Kg7 29. hxg5 hxg5 30. Be3 Kh6 31. Kf2 Nbd5 32. Qa7 Nxe3 33. Kxe3 Ne8 34. Nb3 Ng7 35. Na5 Nxf5+ 36. exf5 d5 37. Qxb7 Qxa5 38. Qa6+ 1-0

[Event "*** Titled Tuesday Blitz"]
[Site "Chess.com"]
[Date "2019.11.05"]
[Round "2"]
[White "VerdeNotte"]
[Black "IMAghasiyevKamal"]
[Result "1-0"]
[WhiteElo "2779"]
[BlackElo "2415"]
[TimeControl "180+2"]
[EndTime "13:22:59 PST"]
[Termination "VerdeNotte won by checkmate"]

1. g3 Nf6 2. Bg2 g6 3. e4 d6 4. d4 Bg7 5. Ne2 O-O 6. Nbc3 e5 7. h3 exd4 8. Nxd4 Nbd7 9. Bg5 h6 10. Be3 Nb6 11.
Qe2 Re8 12. O-O-O Qe7 13. g4 Be6 14. g5 hxg5 15. Bxg5 Bc4 16. Qd2 Qe5 17. f4 Qa5 18. b3 Qa3+ 19. Kb1 Nxe4 20. Bxe4 c5 21. f5 Rxe4 22. Nxe4 Bxd4 23. c3 Be5 24. Bf6 Bxb3 25. axb3 Qxb3+ 26. Qb2 Qc4 27. Qc2 Qb5+ 28. Qb2 Qc4 29.
Rhe1 Na4 30. Qxb7 Rf8 31. Bxe5 dxe5 32. Rd2 Nxc3+ 33. Nxc3 Qxc3 34. Qb2 Qxh3 35. Qxe5 Qxf5+ 36. Qxf5 gxf5 37. Rg2+ Kh7 38. Rh1# 1-0

[Event "*** Titled Tuesday Blitz"]
[Site "Chess.com"]
[Date "2019.11.05"]
[Round "2"]
[White "cool4chess"]
[Black "Faustregel"]
[Result "1-0"]
[WhiteElo "2552"]
[BlackElo "2737"]
[TimeControl "180+2"]
[EndTime "13:23:02 PST"]
[Termination "cool4chess won by resignation"]

1. e4 c5 2. Nf3 d6 3. d4 cxd4 4. Nxd4 Nf6 5. Nc3 Nc6 6. Bg5 Bd7 7. Qd2 Rc8 8. O-O-O Nxd4 9. Qxd4 Qa5 10. Bxf6 gxf6 11. Kb1 Qc5 12. Qd2 f5 13. Bd3 Bg7 14. Nd5 Ba4 15.
Rc1 h6 16. c4 Qd4 17. exf5 b5 18. Rhe1 bxc4 19. Nxe7 Kd7 20. Nxc8 Rxc8 21. f6 cxd3 22.
Re7+ Kd8 23. Qa5+ Qb6 24. Qxb6+ axb6 25. Rxc8+ Kxc8 26. fxg7 Kd8 27. Re1 d2 28. Rh1 Ke7 29. g8=Q 1-0

[Event "*** Titled Tuesday Blitz"]
[Site "Chess.com"]
[Date "2019.11.05"]
[Round "2"]
[White "marianokar"]
[Black "51616516516"]
[Result "1-0"]
[WhiteElo "2471"]
[BlackElo "2194"]
[TimeControl "180+2"]
[EndTime "13:23:03 PST"]
[Termination "marianokar won by resignation"]

1. d4 Nf6 2. Nf3 g6 3. c4 Bg7 4. Nc3 O-O 5. e4 d6 6. Be2 e5 7. Be3 Re8 8. d5 a5 9. Nd2 Na6 10. a3 Bd7 11. Rb1 Rf8 12. b4 axb4 13. axb4 b6 14.
O-O Ne8 15. Qb3 f5 16. f3 f4 17. Bf2 g5 18. Ra1 Qc8 19. Ra3 Nxb4 20. Rxa8 Qxa8 21. Qxb4 h5 22. Qb2 g4 23. Ra1 Qd8 24. fxg4 hxg4 25.
g3 Qg5 26. Nf1 Nf6 27. Ra7 Nh5 28. Rxc7 Bc8 29. Qd2 fxg3 30. Qxg5 gxf2+ 31. Kh1 Nf4 1-0

[Event "*** Titled Tuesday Blitz"]
[Site "Chess.com"]
[Date "2019.11.05"]
[Round "2"]
[White "CzechmVIII"]
[Black "amiralfio"]
[Result "0-1"]
[WhiteElo "2094"]
[BlackElo "2428"]
[TimeControl "180+2"]
[EndTime "13:23:04 PST"]
[Termination "amiralfio won on time"]

1. e4 c6 2. d4 d5 3. e5 c5 4. c4 cxd4 5. Nf3 Nc6 6. cxd5 Qxd5 7. Nc3 Qa5 8. Nxd4 Qxe5+ 9. Be3 Bd7 10. Nf3 Qa5 11.
Qb3 Qb4 12. Bc4 e6 13. O-O Nf6 14. Nb5 Rc8 15. Rac1 a6 16. Nbd4 Nxd4 17. Nxd4 Be7 18. Qxb4 Bxb4 19. a3 Be7 20. Rfd1 O-O 21. Nf3 Ba4 22.
Re1 Rfd8 23. Ne5 h6 24. Be2 Nd5 25. Bf3 Nxe3 26. fxe3 Rxc1 27. Rxc1 Bg5 28. Kf2 Rd2+ 29. Ke1 Rxb2 30. Rc8+ Kh7 31. Nxf7 Bxe3 0-1

[Event "*** Titled Tuesday Blitz"]
[Site "Chess.com"]
[Date "2019.11.05"]
[Round "2"]
[White "2165149677570"]
[Black "joshdaruca"]
[Result "1-0"]
[WhiteElo "2295"]
[BlackElo "2685"]
[TimeControl "180+2"]
[EndTime "13:23:06 PST"]
[Termination "2165149677570 won by checkmate"]

1. e4 c5 2. Nf3 e6 3. d4 cxd4 4. Nxd4 Nc6 5. Nc3 Qc7 6. Be2 a6 7. O-O Nf6 8. Be3 Be7 9. f4 d6 10. Bf3 O-O 11. Nxc6 bxc6 12. Na4 e5 13. f5 Bb7 14. c4 Nd7 15. Qc2 Rac8 16. Rac1 h6 17. g4 Bg5 18. Qd2 Bxe3+ 19. Qxe3 c5 20. Nc3 Qd8 21. Rfd1 Nf6 22. Kh1 Nh7 23. Rd2 Qe7 24. Rcd1 Rfd8 25. Kg2 Bc6 26. Kg3 Qf8 27. h4 g6 28. g5 hxg5 29. hxg5 f6 30. fxg6 Nxg5 31. Bg4 Rb8 32. Rh2 Kg7 33. Rdh1 Be8 34. Rh7+ Kg8 35.
Rh8+ Kg7 36. Rxf8 Kxf8 37. Bf5 Kg7 38. Nd5 Rxb2 39. Rh7+ Nxh7 40. gxh7 Bf7 41. Nxf6 Kxf6 42. Qh6+ Ke7 43. Qg5+ Ke8 44. h8=Q+ Bg8 45. Qhxg8# 1-0

[Event "*** Titled Tuesday Blitz"]
[Site "Chess.com"]
[Date "2019.11.05"]
[Round "2"]
[White "Galileo22"]
[Black "DonBroca"]
[Result "1-0"]
[WhiteElo "2415"]
[BlackElo "2005"]
[TimeControl "180+2"]
[EndTime "13:23:09 PST"]
[Termination "Galileo22 won on time"]

1. d4 Nf6 2. c4 g6 3. Nc3 Bg7 4. e4 d6 5. Nf3 O-O 6. Be2 e5 7. d5 a5 8. h3 Na6 9. Be3 Nd7 10. g4 Ndc5 11. Nd2 f5 12. f3 Bh6 13. Bf2 Bxd2+ 14. Qxd2 fxe4 15. fxe4 Rxf2 16. Kxf2 Qh4+ 17. Kg2 Bd7 18. Raf1 Rf8 19. Rxf8+ Kxf8 20. Rf1+ Kg8 21. Qe3 h5 22. Qh6 1-0

[Event "*** Titled Tuesday Blitz"]
[Site "Chess.com"]
[Date "2019.11.05"]
[Round "2"]
[White "Dedic8"]
[Black "becemix"]
[Result "1-0"]
[WhiteElo "2749"]
[BlackElo "2526"]
[TimeControl "180+2"]
[EndTime "13:23:10 PST"]
[Termination "Dedic8 won by resignation"]

1. e4 c5 2. Nf3 d6 3. d4 cxd4 4. Nxd4 Nf6 5. Nc3 a6 6. f3 e5 7. Nb3 Be7 8. Be3 Be6 9. Qd2 O-O 10. O-O-O Nbd7 11. g4 b5 12. Rg1 b4 13. Nd5 Bxd5 14.
exd5 Nb6 15. Na5 Nbxd5 16. Nc6 Qd7 17. Nxe7+ Nxe7 18. Qxd6 Qb7 19. Bc4 Ng6 20. g5 Nh5 21. Bd5 Qc8 22. Bxa8 Qxa8 23. Bc5 Qxf3 24. Qxa6 Ra8 25.
Qc4 Nhf4 26. Kb1 Qh3 27. Qe4 Rc8 28. Bxb4 h6 29. gxh6 Qxh6 30. Rd2 Qh3 31. a4 Qe6 32.
a5 f5 33. Qb7 e4 34. a6 e3 35. Rd7 1-0

[Event "*** Titled Tuesday Blitz"]
[Site "Chess.com"]
[Date "2019.11.05"]
[Round "2"]
[White "TregubovP"]
[Black "vugarrasulov"]
[Result "0-1"]
[WhiteElo "2533"]
[BlackElo "2766"]
[TimeControl "180+2"]
[EndTime "13:23:12 PST"]
[Termination "vugarrasulov won by resignation"]

1. e4 e5 2. Nf3 Nc6 3. Bc4 Bc5 4.
c3 Nf6 5. d4 exd4 6. cxd4 Bb4+ 7.
Bd2 Bxd2+ 8. Nbxd2 d5 9. exd5 Nxd5 10. O-O O-O 11. Rc1 Bg4 12. Re1 Nb6 13. Be2 Re8 14.
Nb3 Nd7 15. h3 Bh5 16. d5 Bxf3 17. Bxf3 Rxe1+ 18. Qxe1 Nce5 19. Qc3 Nxf3+ 20. Qxf3 Nf6 21. Nc5 Rb8 22. Rd1 Qd6 23. b4 h6 24. a3 a5 25. Ne4 Nxe4 26. Qxe4 axb4 27. axb4 c6 28.
Qd4 Rd8 29. Qb6 Rd7 30. Re1 Qxd5 31. Re8+ Kh7 32. Qe3 b5 33. Rc8 Rd6 34. Qe8 Re6 35. Qg8+ Kg6 36. Rd8 Re1+ 37. Kh2 Qe5+ 38. g3 Re2 39.
Kg1 Qf6 0-1

[Event "*** Titled Tuesday Blitz"]
[Site "Chess.com"]
[Date "2019.11.05"]
[Round "2"]
[White "coolthing"]
[Black "vinniethepooh"]
[Result "0-1"]
[WhiteElo "2348"]
[BlackElo "2681"]
[TimeControl "180+2"]
[EndTime "13:23:12 PST"]
[Termination "vinniethepooh won on time"]

1. b3 d5 2. Bb2 Nf6 3. Nf3 Bf5 4. e3 e6 5. Be2 h6 6. O-O Be7 7. c4 c6 8. Nc3 O-O 9. d4 Nbd7 10. Rc1 a6 11. Ne5 Nxe5 12. dxe5 Nd7 13. cxd5 cxd5 14.
h3 Rc8 15. Qd2 b5 16. Rfd1 Nc5 17. Bf1 b4 18. Na4 Nxa4 19. bxa4 Qa5 20. Qe2 Qxa4 21. Qxa6 Qxa6 22. Bxa6 Rxc1 23. Rxc1 Ra8 24. Rc6 Bb1 25.
Bd4 Bxa2 26. Rb6 Bc4 27. Bb7 Rb8 28. g4 b3 29. Kg2 Bd8 30. Rd6 Bc7 0-1

[Event "*** Titled Tuesday Blitz"]
[Site "Chess.com"]
[Date "2019.11.05"]
[Round "2"]
[White "nihalsarin"]
[Black "NTBT_DHS"]
[Result "1-0"]
[WhiteElo "3005"]
[BlackElo "2659"]
[TimeControl "180+2"]
[EndTime "13:23:13 PST"]
[Termination "nihalsarin won by resignation"]

1. Nf3 Nf6 2. d4 g6 3. Bf4 Bg7 4. e3 O-O 5. Nbd2 d6 6. h3 c5 7. c3 Nc6 8. Be2 cxd4 9. exd4 e5 10. dxe5 dxe5 11. Nxe5 Nd5 12. Nxc6 bxc6 13. Bg3 Re8 14. O-O Bxc3 15. Bc4 Bxb2 16. Rb1 Bg7 17. Nf3 Be6 18. Rb7 Qa5 19. Qb3 Qc3 20. Ng5 Qxb3 21. axb3 Bf6 22.
Nxe6 fxe6 23. Rd1 Nb6 24. Be2 c5 25. Rd6 Bd4 26. Bg4 Rad8 27. Bxe6+ Kh8 28. Rxd4 1-0

[Event "*** Titled Tuesday Blitz"]
[Site "Chess.com"]
[Date "2019.11.05"]
[Round "2"]
[White "FrenchMonster2002"]
[Black "swisspower96"]
[Result "0-1"]
[WhiteElo "2413"]
[BlackElo "2720"]
[TimeControl "180+2"]
[EndTime "13:23:14 PST"]
[Termination "swisspower96 won by checkmate"]

1. d4 d5 2. Bf4 Nf6 3. e3 c5 4. c3 Nc6 5. Nd2 Bf5 6. Qb3 Qc8 7.
Ngf3 h6 8. h3 e6 9. Be2 Be7 10.
O-O O-O 11. Ne5 c4 12. Qd1 b5 13. g4 Bh7 14. a3 a5 15. Bg3 Nxe5 16. dxe5 Nd7 17. f4 Nc5 18. Kh2 Ra6 19. Nf3 Ne4 20. Nd4 Rb6 21. f5 Nxg3 22. Kxg3 Qc7 23. Nf3 exf5 24.
gxf5 Bxf5 25. Kf2 Be4 26. Rg1 Rg6 27. Qd2 Bc5 28. Raf1 Bxf3 29. Bxf3 Qxe5 30. Ke2 Qh2+ 31. Kd1 Qxg1 32. Rxg1 Rxg1+ 33. Kc2 Re8 34. Qxd5 Bxe3 35. Bg4 Rc1# 0-1

[Event "*** Titled Tuesday Blitz"]
[Site "Chess.com"]
[Date "2019.11.05"]
[Round "2"]
[White "arminmusovic"]
[Black "LawrenceTrent"]
[Result "1-0"]
[WhiteElo "2422"]
[BlackElo "2695"]
[TimeControl "180+2"]
[EndTime "13:23:14 PST"]
[Termination "arminmusovic won by resignation"]

1. a3 g6 2. Nc3 Bg7 3. e4 c5 4.
Nf3 Nc6 5. Bc4 e6 6. O-O Nge7 7. Re1 O-O 8. Ba2 b6 9. d3 Bb7 10. Bg5 h6 11. Bh4 g5 12. Bg3 Nd4 13.
Nxd4 cxd4 14. Nb5 e5 15. Nd6 Bc6 16. Qh5 Kh7 17. Nxf7 Rxf7 18. Qxf7 d6 19. h4 Be8 20. Qe6 Bd7 21. Qxd6 Ng6 22. hxg5 hxg5 23. Be6 Ba4 24. Qxd8 Rxd8 25. b3 Be8 26. Bf5 Kg8 27. Rec1 Ne7 28. Be6+ Kf8 29. c3 Rd6 30. Bg4 dxc3 31. Rxc3 Nc6 32.
Rac1 a5 33. Bh5 Bd7 34. Bg4 Be8 35. b4 axb4 36. axb4 Nxb4 37. Rc7 Nxd3 38. Rd1 Bf6 39. Rc8 Ke7 40. Rxe8+ Kxe8 41. Be2 Nf4 42. Rxd6 Nxe2+ 43. Kf1 Nxg3+ 44. fxg3 Bd8 45. Re6+ Kf7 46. Rxe5 Bc7 47. Rxg5 Kf6 48. Rf5+ Ke6 49. g4 Be5 50. Ke2 b5 51. Kd3 Kd6 52. g5 Ke6 53. g6 1-0

[Event "*** Titled Tuesday Blitz"]
[Site "Chess.com"]
[Date "2019.11.05"]
[Round "2"]
[White "Zaven_ChessMood"]
[Black "LimeInTheCoconut"]
[Result "1-0"]
[WhiteElo "2862"]
[BlackElo "2450"]
[TimeControl "180+2"]
[EndTime "13:23:16 PST"]
[Termination "Zaven_ChessMood won by resignation"]

1. e4 c5 2. Nc3 Nc6 3. Bb5 Nd4 4. Nf3 a6 5. Bd3 Nc6 6. Be2 g6 7. d4 cxd4 8. Nxd4 Bg7 9. Be3 d6 10. O-O Nf6 11. Qd2 O-O 12. Rad1 Bd7 13. h3 Nxd4 14.
Bxd4 Bc6 15. Bf3 Nd7 16. Nd5 Bxd4 17. Qxd4 Rc8 18. c3 Re8 19. Rfe1 Qa5 20. a3 Qc5 21. Qd2 Ne5 22. Be2 Bb5 23. Bxb5 Qxb5 24. Re2 Nc4 25.
Qc1 a5 26. Rde1 Qc5 27. h4 Nb6 28. Rd1 Nd7 29. h5 e6 30. Nf4 Ne5 31. Re3 a4 32.
Rh3 Qc7 33. hxg6 fxg6 34. Nd3 Nc4 35. Nb4 Qg7 36. Rhd3 Rf8 37. Nc2 Qe5 38. Ne3 Nxe3 39. Qxe3 Rc6 40. Rd4 b5 41. R1d3 Rf4 42. g3 Rf8 43.
Qd2 Rd8 44. Kg2 Qc5 45. f4 Qb6 46. Qd1 Qc7 47. Qg4 Qf7 48. Rd1 Rd7 49. Qg5 Rc5 50.
Qxc5 dxc5 51. Rxd7 Qf6 52. R1d6 g5 53. Rc6 gxf4 54. Rc8+ 1-0

[Event "*** Titled Tuesday Blitz"]
[Site "Chess.com"]
[Date "2019.11.05"]
[Round "2"]
[White "ChessBitl"]
[Black "belisarius64"]
[Result "1-0"]
[WhiteElo "2351"]
[BlackElo "2593"]
[TimeControl "180+2"]
[EndTime "13:23:17 PST"]
[Termination "ChessBitl won by resignation"]

1. e4 c5 2. Nf3 d6 3. d4 cxd4 4. Nxd4 Nf6 5. f3 e5 6. Bb5+ Nbd7 7. Nf5 d5 8. exd5 a6 9. Bxd7+ Bxd7 10. Ne3 Bc5 11. Nc3 O-O 12. Qd3 b5 13. Bd2 b4 14.
Ne4 Bb5 15. Nxf6+ Qxf6 16. Qe4 Rfe8 17. O-O-O Rab8 18. Kb1 g6 19. Ng4 Qe7 20. Rhe1 f5 21. Qxe5 Qxe5 22. Nxe5 Bf2 23. f4 Bxe1 24. Bxe1 a5 25. d6 Rbd8 26. Rd5 Bf1 27. g3 Re6 28. d7 Be2 29. b3 Ra6 30. Kb2 Kf8 31. c3 bxc3+ 32.
Bxc3 a4 33. Ba5 a3+ 34. Kc3 Rxa5 35. Rxa5 1-0

[Event "*** Titled Tuesday Blitz"]
[Site "Chess.com"]
[Date "2019.11.05"]
[Round "2"]
[White "Jospem"]
[Black "chess4life23"]
[Result "1-0"]
[WhiteElo "2861"]
[BlackElo "2390"]
[TimeControl "180+2"]
[EndTime "13:23:29 PST"]
[Termination "Jospem won by resignation"]

1. c4 c5 2. Nf3 Nc6 3. g3 e6 4. Bg2 Nf6 5. O-O d5 6. d4 dxc4 7. dxc5 Qxd1 8. Rxd1 Bxc5 9. Nbd2 Ng4 10. Ne4 Be7 11.
Nd6+ Bxd6 12. Rxd6 Ke7 13. Rd1 Rd8 14. Bd2 Rb8 15.
h3 Nge5 16. Nxe5 Nxe5 17. Bb4+ Ke8 18. Rxd8+ Kxd8 19. Bd6 Nd7 20. Bxb8 Nxb8 21. Rd1+ Ke7 22. Rc1 b5 23. b3 Ba6 24. e3 Kd6 25. b4 Nd7 26.
Kf1 Nb6 27. Ke1 e5 28. Kd2 f5 29. f4 e4 30. g4 g6 31. gxf5 gxf5 32. h4 Nd5 33. a3 Bc8 34. Bf1 Ke6 35. Ke2 Kf6 36.
Kf2 Be6 37. Be2 a6 38. Bh5 Bg8 39. Rg1 Be6 40. Be2 Nc7 41. Rg3 Nd5 42. Ke1 Nc3 43.
Kd2 Nd5 44. Bd1 Bf7 45. Kc1 Bg6 46. Kb2 Ke6 47. Be2 Kf6 48. Kc2 Ke6 49. Kd2 Kf6 50.
Bd1 Ke6 51. h5 Bf7 52. Rg7 c3+ 53. Ke2 Bxh5+ 54. Ke1 Bg6 55. Bb3 Kd6 56. Bxd5 Kxd5 57. Rc7 Kd6 58. Rxc3 Bf7 59. Kf2 Bc4 60. Kg3 Ke6 61.
Kh4 Kf6 62. a4 Kg6 63. axb5 axb5 64. Ra3 Be2 65. Ra6+ Kf7 66. Kg5 Bg4 67. Ra7+ Ke6 68. Rxh7 Kd5 69. Rc7 Bh3 70. Rc5+ Kd6 71. Rxb5 Kc6 72.
Rc5+ Kb6 73. Kf6 1-0

[Event "*** Titled Tuesday Blitz"]
[Site "Chess.com"]
[Date "2019.11.05"]
[Round "2"]
[White "MaximDlugy"]
[Black "JustKid"]
[Result "0-1"]
[WhiteElo "2815"]
[BlackElo "2452"]
[TimeControl "180+2"]
[EndTime "13:23:30 PST"]
[Termination "JustKid won by resignation"]

1. d4 d5 2. Bf4 Nf6 3. e3 e6 4. Nd2 Bd6 5. Bg3 O-O 6. Ngf3 c5 7. c3 Qc7 8. Rc1 Nbd7 9. c4 Bxg3 10. hxg3 Qa5 11. a3 dxc4 12. Bxc4 cxd4 13. Nxd4 a6 14. Kf1 Ne5 15. Be2 Rd8 16. g4 Ng6 17. Nc4 Qc7 18. Qe1 Bd7 19. Kg1 Rac8 20. Rd1 b5 21. Na5 Be8 22.
Bf3 e5 23. Ndc6 Rxd1 24. Qxd1 e4 25. g5 exf3 26. gxf6 Bxc6 27. Nxc6 Qxc6 28. gxf3 Qxf6 29. f4 h6 30. Qd2 Rd8 31. Qe2 Qf5 32. Kg2 Qe4+ 33.
Qf3 Qxf3+ 34. Kxf3 Rd2 35. b4 Rd3 36. Ra1 Rb3 37.
Ke4 h5 38. f5 Ne7 39. Kf4 Kh7 40. Kg5 Rb2 41. Rf1 f6+ 42. Kxh5 Nxf5 43. Kg4 Nd6 44.
Rd1 Nc4 45. Kf5 Rxf2+ 0-1

[Event "*** Titled Tuesday Blitz"]
[Site "Chess.com"]
[Date "2019.11.05"]
[Round "2"]
[White "SharkAnto55"]
[Black "oogee"]
[Result "1-0"]
[WhiteElo "2503"]
[BlackElo "2259"]
[TimeControl "180+2"]
[EndTime "13:23:30 PST"]
[Termination "SharkAnto55 won by resignation"]

1. e4 c5 2. Nf3 d6 3. d4 cxd4 4. Nxd4 Nf6 5. Nc3 g6 6. Be3 Bg7 7. f3 O-O 8. Bc4 Nc6 9. Qd2 Bd7 10. O-O-O Rb8 11. Bb3 Na5 12. Bh6 Bxh6 13. Qxh6 b5 14. Nd5 Nxb3+ 15. Nxb3 e5 16. Nxf6+ Qxf6 17. h4 Rb6 18. h5 Qg7 19. Qe3 g5 20. h6 Qf6 21.
Rh5 Qf4 22. Rxg5+ Kh8 23. Qxf4 exf4 24. Rgd5 Rg8 25. R5d2 d5 26. Rxd5 Be6 27. Rd8 f6 28.
Rxg8+ Kxg8 29. Nc5 Bc4 30. b3 Be2 31. Rd2 Bf1 32.
Rf2 Rc6 33. Nd7 Bd3 34. Kb2 Rd6 35. Nc5 Bc4 36. bxc4 1-0

[Event "*** Titled Tuesday Blitz"]
[Site "Chess.com"]
[Date "2019.11.05"]
[Round "2"]
[White "AyelenChess"]
[Black "timator"]
[Result "0-1"]
[WhiteElo "2030"]
[BlackElo "2684"]
[TimeControl "180+2"]
[EndTime "13:23:31 PST"]
[Termination "timator won by resignation"]

1. e4 c5 2. Nf3 e6 3. d4 cxd4 4. Nxd4 Nc6 5. Be3 Qc7 6. Nc3 a6 7. Qd2 Nf6 8. f4 Bb4 9. Bd3 O-O 10. O-O Ng4 11. Kh1 Nxe3 12. Qxe3 Nxd4 13. Qxd4 Bc5 14. Qe5 Qxe5 15. fxe5 Bd4 16. Rf3 Bxe5 17.
Raf1 b5 18. Nd1 Bb7 19. c3 d5 20. exd5 Bxd5 21. Rh3 g6 22. Ne3 Bc6 23. Ng4 Bg7 24. Nf6+ Bxf6 25. Rxf6 Kg7 26. Rf4 Rad8 27. Kg1 e5 28.
Rfh4 h5 29. Kf2 f5 30. a4 e4 31. Be2 Rd2 32. Ke3 Rxb2 33. axb5 Bxb5 34. Bxb5 Rxb5 35.
Kf4 a5 36. Rg3 a4 37. Rxh5 a3 38. Rhg5 Rf6 39. c4 Ra5 40. h4 a2 41. h5 a1=Q 42.
Rxg6+ Rxg6 43. Rxg6+ Kf7 0-1

[Event "*** Titled Tuesday Blitz"]
[Site "Chess.com"]
[Date "2019.11.05"]
[Round "2"]
[White "Orest_Vovk"]
[Black "NikolaMa2000"]
[Result "1-0"]
[WhiteElo "2411"]
[BlackElo "1996"]
[TimeControl "180+2"]
[EndTime "13:23:31 PST"]
[Termination "Orest_Vovk won by resignation"]

1. h3 d5 2. e4 dxe4 3. Nc3 Nf6 4. Qe2 Bd7 5. Nxe4 Nxe4 6. Qxe4 Bc6 7. Qe3 e6 8. Nf3 Nd7 9. Be2 Bc5 10. d4 Bb6 11. O-O Nf6 12. c4 Bxf3 13. Qxf3 c6 14. Be3 O-O 15. Rfd1 Qe7 16. Rd2 Rfd8 17. Rad1 Rd7 18.
Bd3 Rad8 19. Bb1 h6 20. a3 a5 21. Bc2 Kh8 22. g4 Ne8 23. Kg2 Kg8 24. Qe4 Nf6 25. Qf3 Ne8 26. Be4 Nf6 27. Bb1 Ne8 28. Qe4 Nf6 29. Qc2 Bc7 30. f4 g6 31. Qc3 Ne4 32.
Bxe4 f5 33. Bf3 a4 34. Qb4 Bd6 35. Qxa4 c5 36. dxc5 1-0

[Event "*** Titled Tuesday Blitz"]
[Site "Chess.com"]
[Date "2019.11.05"]
[Round "2"]
[White "babadroga92"]
[Black "PNEPaul"]
[Result "1-0"]
[WhiteElo "2670"]
[BlackElo "1731"]
[TimeControl "180+2"]
[EndTime "13:23:35 PST"]
[Termination "babadroga92 won by resignation"]

1. e4 e5 2. Nf3 Nc6 3. c3 Nf6 4.
d4 d6 5. Bb5 exd4 6. cxd4 Bd7 7. Nc3 Be7 8. O-O O-O 9. h3 a6 10. Ba4 b5 11. Bc2 Na5 12. e5 Ne8 13. Qd3 g6 14. Bh6 Ng7 15. Nd5 Bf5 16. Qd1 Bxc2 17. Qxc2 c6 18. Nxe7+ Qxe7 19. Rfe1 d5 20. b3 Rac8 21.
Rac1 Rfe8 22. Bg5 Qe6 23. Bf6 Nh5 24. Bg5 Ng7 25. Re2 Qf5 26. Qd2 Ne6 27. Bf6 Nb7 28. Re3 Nf4 29. Rec3 Qe6 30. Qxf4 a5 31. Qh6 Qxf6 32.
exf6 1-0

[Event "*** Titled Tuesday Blitz"]
[Site "Chess.com"]
[Date "2019.11.05"]
[Round "2"]
[White "AndrBaryshpolets"]
[Black "WinningButNotReally"]
[Result "1-0"]
[WhiteElo "2757"]
[BlackElo "2424"]
[TimeControl "180+2"]
[EndTime "13:23:35 PST"]
[Termination "AndrBaryshpolets won on time"]

1. d4 Nf6 2. c4 g6 3. Nc3 d5 4.
cxd5 Nxd5 5. e4 Nxc3 6. bxc3 Bg7 7. Nf3 c5 8. Be3 O-O 9. Rc1 Qa5 10. Qd2 Rd8 11. Be2 Na6 12. d5 b5 13. O-O Bd7 14. a4 bxa4 15. Bxa6 Qxa6 16. Bxc5 e6 17. Bd4 exd5 18. exd5 f6 19. c4 Bg4 20. Qf4 Bxf3 21. Qxf3 Rab8 22. Rfd1 a3 23. c5 Rbc8 24. c6 Qa4 25. Bc5 a2 26. Be7 f5 27. Bxd8 a1=Q 28. Rxa1 Bxa1 29. c7 Be5 30. d6 Qc2 31.
Qd3 1-0

[Event "*** Titled Tuesday Blitz"]
[Site "Chess.com"]
[Date "2019.11.05"]
[Round "2"]
[White "Astaneh"]
[Black "GHANDEEVAM2003"]
[Result "0-1"]
[WhiteElo "2644"]
[BlackElo "3004"]
[TimeControl "180+2"]
[EndTime "13:23:41 PST"]
[Termination "GHANDEEVAM2003 won by resignation"]

1. d4 Nf6 2. c4 e6 3. Nf3 d5 4.
g3 dxc4 5. Qa4+ c6 6. Qxc4 b5 7. Qc2 Bb7 8. Bg2 Nbd7 9. O-O Rc8 10. a4 a6 11. Ne5 Qb6 12. Be3 Nd5 13. Nxd7 Kxd7 14.
Nc3 f5 15. axb5 cxb5 16. Bxd5 exd5 17. Qxf5+ Qe6 18. Qxe6+ Kxe6 19. Rfc1 Bb4 20. Bd2 Rc4 21. e3 Rhc8 22. Kf1 a5 23. Ke1 Bxc3 24. Rxc3 a4 25.
f3 g5 26. Rac1 h5 27. h3 g4 28. fxg4 hxg4 29. h4 Rf8 30. Rxc4 dxc4 31. e4 Bxe4 32. Bf4 Kd5 33. Kd2 b4 34. Ke3 a3 35. bxa3 b3 0-1

[Event "*** Titled Tuesday Blitz"]
[Site "Chess.com"]
[Date "2019.11.05"]
[Round "2"]
[White "Rhinos1"]
[Black "przemekpiotrowski"]
[Result "1-0"]
[WhiteElo "2063"]
[BlackElo "2387"]
[TimeControl "180+2"]
[EndTime "13:23:44 PST"]
[Termination "Rhinos1 won by resignation"]

1. d4 Nf6 2. Nf3 g6 3. g3 c5 4. d5 d6 5. Nc3 e6 6. Bg2 exd5 7.
Nxd5 Nxd5 8. Qxd5 Nc6 9. Bg5 Qa5+ 10. Bd2 Qb5 11. Bc3 Be6 12. Qd2 Rg8 13. Ng5 O-O-O 14. a4 Qa6 15. O-O Bh6 16. Bf6 Rd7 17. Qc3 Bxg5 18.
Bxg5 Nd4 19. Kh1 Qxe2 20. Bf6 Rc7 21. Bxd4 cxd4 22. Qxd4 Kb8 23. Qxd6 Qxc2 24. Rac1 Qxc1 25. Rxc1 Rc8 26. a5 a6 27. b4 Bc4 28. Rxc4 f5 29.
f4 h5 30. h4 g5 31. hxg5 h4 32. gxh4 Ka8 33. Rxc7 Rh8 34. Qxa6+ 1-0

[Event "*** Titled Tuesday Blitz"]
[Site "Chess.com"]
[Date "2019.11.05"]
[Round "2"]
[White "CarrotsandPizza"]
[Black "Squirlolz"]
[Result "0-1"]
[WhiteElo "2233"]
[BlackElo "2507"]
[TimeControl "180+2"]
[EndTime "13:23:46 PST"]
[Termination "Squirlolz won by resignation"]

1. e4 c6 2. d4 d5 3. Nc3 dxe4 4. Nxe4 Bf5 5. Ng3 Bg6 6. h4 h6 7. f4 e6 8. Nf3 c5 9. h5 Bh7 10. Bd3 Bxd3 11. Qxd3 Nc6 12. Be3 cxd4 13. Nxd4 Nxd4 14. Bxd4 Nf6 15. O-O-O Bd6 16. Be5 Bxe5 17. Qb5+ Ke7 18. fxe5 Nd5 19. Qxb7+ Qc7 20. Qxc7+ Nxc7 21. c4 Rhc8 22. Kb1 a5 23. Rd4 a4 24. Rhd1 Ra5 25. Re4 Na6 26. b3 axb3 27. axb3 Nc5 28. Kb2 Nxe4 29.
Nxe4 Rxe5 30. Nc3 Rxh5 31. Rd2 Rh2 32. Nb5 h5 33. Kc3 h4 34. Nd6 Rb8 35. c5 h3 36. c6 hxg2 37. c7 g1=Q 38. cxb8=Q Qc1+ 39. Rc2 Rxc2+ 40. Kb4 Qd2+ 41. Kb5 Qd5+ 42. Ka4 Qxd6 0-1

[Event "*** Titled Tuesday Blitz"]
[Site "Chess.com"]
[Date "2019.11.05"]
[Round "2"]
[White "ChessQueen"]
[Black "FairChess_on_YouTube"]
[Result "0-1"]
[WhiteElo "2666"]
[BlackElo "3031"]
[TimeControl "180+2"]
[EndTime "13:23:48 PST"]
[Termination "FairChess_on_YouTube won by resignation"]

1. e4 c6 2. Nf3 d5 3. Nc3 dxe4 4. Nxe4 Nf6 5. Qe2 Nxe4 6. Qxe4 Nd7 7. Bc4 Nf6 8. Qe2 Bf5 9. d4 e6 10. O-O Be7 11. Bb3 O-O 12. c4 Bg4 13. Be3 Ne4 14.
h3 Bh5 15. g4 Bg6 16. Ne5 Bd6 17.
Nxg6 hxg6 18. Bc2 f5 19. Bxe4 fxe4 20. Bd2 Bf4 21. Bb4 Bd6 22. Bd2 Rf3 23. Qxe4 Rxh3 24. Qxe6+ Kh7 25. g5 Rh5 26. f4 Bc5 27. dxc5 Qxd2 28. Rf2 Qd3 29. Kg2 Re8 30. Qg4 Re3 31. f5 Rhh3 32. fxg6+ Kxg6 0-1